 Dungeon Crawl Stone Soup version 0.24-a0-479-g9a978d2894 (webtiles) character file.

Game seed: 3052921195986615624

79 Gynju the Sneak (level 4, -2/24 HPs)
             Began as a Kobold Enchanter on July 8, 2019.
             Slain by a worm (4 damage)
             ... on level 2 of the Dungeon.
             The game lasted 00:05:24 (2033 turns).

Gynju the Sneak (Kobold Enchanter)                  Turns: 2033, Time: 00:05:25

Health: -2/24      AC:  2    Str:  5    XL:     4   Next: 64%
Magic:  6/8        EV: 15    Int: 16    God:
Gold:   94         SH:  0    Dex: 16    Spells: 5/9 levels left

rFire    . . .     SeeInvis .   k - +0 dagger (vamp)
rCold    . . .     Gourm    .   (shield restricted)
rNeg     . . .     Faith    .   b - +0 robe
rPois    .         Spirit   .   (no helmet)
rElec    .         Reflect  .   (no cloak)
rCorr    .         Harm     .   (no gloves)
MR       .....                  (no boots)
Stlth    +++.......             (no amulet)
HPRegen  0.08/turn              (no ring)
MPRegen  0.11/turn              (no ring)

@: no status effects
A: small, carnivore
a: no special abilities


You were on level 2 of the Dungeon.
You were completely stuffed.

You visited 1 branch of the dungeon, and saw 2 of its levels.

You collected 94 gold pieces.

Inventory:

Hand Weapons
 k - a +0 vampiric dagger (weapon)
Armour
 b - a +0 robe (worn)
Scrolls
 c - a scroll of enchant armour {unknown}
 e - a scroll of noise {unknown}
 g - 3 scrolls of identify {unknown}
 i - a scroll of random uselessness {unknown}
 j - a scroll of teleportation {unknown}
Potions
 a - 2 potions of mutation {unknown}
 h - a potion of agility {unknown}
Comestibles
 d - 6 rations
 f - a chunk of flesh


   Skills:
 - Level 1.3 Short Blades
 - Level 2.4 Dodging
 - Level 5.1 Stealth
 + Level 3.2 Spellcasting
 + Level 3.8 Hexes


You had 5 spell levels left.
You knew the following spells:

 Your Spells              Type           Power        Failure   Level  Hunger
a - Corona                Hex            ##.....      3%          1    None
b - Confuse               Hex            ##......     11%         3    ###....

Your spell library contained the following spells:

 Spells                   Type           Power        Failure   Level  Hunger
 Tukima's Dance           Hex            ##......     11%         3    ###....
 Ensorcelled Hibernation  Hex/Ice        #.....       13%         2    ##.....
 Dazzling Spray           Conj/Hex       #.....       26%         3    ###....


Dungeon Overview and Level Annotations

Branches:
Dungeon (2/15)

Altars:
Ashenzari
Uskayaw


Innate Abilities, Weirdness & Mutations

You are small and have problems with some larger weapons.
You are carnivorous and can eat meat at any time.


Message History

The worm bites you.
You are too injured to fight recklessly!
Casting: Corona (safe; 3% risk of failure)
Confirm with . or Enter, or press ? or * to list all spells.
Aiming: Corona (safe; 3% risk of failure)
Press: ? - help, Shift-Dir - straight line, f/p - worm
Aim: a worm (lightly wounded, chance to defeat MR: 60%)
The worm is outlined in light.
You are too injured to fight recklessly!
You are too injured to fight recklessly!
You are too injured to fight recklessly!
You are too injured to fight recklessly!
You hit the worm but do no damage.
The worm is lightly wounded.
The worm bites you!
* * * LOW HITPOINT WARNING * * *
You hit the worm.
The worm is lightly wounded.
The worm bites you.
You die...

. .........
##....#
#.......#
......#
#.......# #....+
+.S._...+ #.#.#
........#
#..#####.......#
#.....#...w.w...
#+# #.....#⌠?#
#.# #....@#..#
#.# #.###.w..#
#.## #.# ###..#
...## #.# ##.#
....#### #.#
#... .......#
#.# ###..
#.####.#####.#
.... ###
#.......# ..#
######### ##


You could see a worm.

Vanquished Creatures
  A worker ant (D:2)
  A gnoll (D:1)
  An adder (D:2)
  A dart slug (D:1)
  2 leopard geckos (D:1)
  3 bats
  A giant cockroach (D:1)
  4 goblins
  2 hobgoblins
  4 jackals (D:2)
  4 frilled lizards
  5 kobolds
  6 rats
35 creatures vanquished.

Notes
Turn   | Place    | Note
-------+----------+-------------------------------------------
     0 | D:1      | Gynju the Kobold Enchanter began the quest for the Orb.
     0 | D:1      | Reached XP level 1. HP: 10/10 MP: 3/3
   232 | D:1      | Reached XP level 2. HP: 14/15 MP: 3/5
   805 | D:1      | Reached XP level 3. HP: 16/19 MP: 6/6
   907 | D:1      | Learned a level 3 spell: Confuse
  1671 | D:2      | Reached skill level 5 in Stealth
  1671 | D:2      | Reached XP level 4. HP: 24/24 MP: 8/8
  1812 | D:2      | Found a shattered altar of Ashenzari.
  1814 | D:2      | Found a hide-covered altar of Uskayaw.
  2013 | D:2      | Found a shattered altar of Ashenzari.
  2033 | D:2      | Slain by a worm

Levels and vault maps discovered:
D:1:      dpeg_arrival_arbitrary_c, layout_loops_ring, kennysheep_pointless_box
D:2:      layout_loops_corners, chequers_temple_overflow_statue_of_worship,
          nicolae_gozag_seed_capital, makhleb_blood_cavern_becter,
          evilmike_ruin_ashenzari

Skill      XL: |  1  2  3 |
---------------+----------+-----
Stealth        | 5 |  5.1
Spellcasting   | 3 |  3.2
Short Blades   | |  1.3
Dodging        | |  2.4
Hexes          | |  3.8

Action                   |  1- 3 |  4- 6 || total
-------------------------+-------+-------++-------
Melee: Dagger            |   114 |    33 ||   147
 Cast: Corona            |    16 |     9 ||    25
       Confuse           |     2 |       ||     2
 Stab: Sleeping          |     7 |     2 ||     9
  Eat: Chunk             |    11 |     1 ||    12
Armor: Robe              |    19 |     9 ||    28
Dodge: Dodged            |   108 |    35 ||   143

Table legend:
 A = Non-vault XP
 B = Vault XP
 C = Vault XP percentage of total XP
 D = Non-vault monster count
 E = Vault monster count
 F = Vault count percentage of total count
                 A         B        C        D         E       F
            +---------+---------+-------+---------+---------+-------
      Total |     114 |       0 |   0.0 |      35 |       0 |   0.0
            +---------+---------+-------+---------+---------+-------
        D:1 |      50 |       0 |   0.0 |      22 |       0 |   0.0
        D:2 |      64 |       0 |   0.0 |      13 |       0 |   0.0
            +---------+---------+-------+---------+---------+-------
